AoeStats
← iAlejandrouae

Arena

508804622Analyzed
4v4 RM · 8d ago on Sep 24, 2026· 50m 39s· 8 players
Game mode
Random Map
Map size
Large (8 player)
Population
200
Speed
Normal
Resources
Standard
Victory
Conquest
Starting age
Dark Age
Ending age
Imperial Age
RankedLock teamsTeams togetherTeam positionsShared explorationLock speedFull tech treeHidden civsTurbo modeCheats
Victory
Defeat
🇨🇳 Mongols · China
1656
+12
🇹🇼 Danes · Taiwan
1646
+13
🇦🇷 Persians · Argentina
1594
+15
🇨🇴 Italians · Colombia
1417
+23
🇳🇿 Lithuanians · New Zealand
1616
-18
🇦🇷 Italians · Argentina
1575
-16
🇨🇦 Teutons · Canada
1554
-15
🇲🇽 Persians · Mexico
1536
-14
The Lord Daniel
10:55 Feudal Age
11:54 Feudal Age
15:43 Castle Age
13:32 Double-Bit Axe
13:28 Horse Collar
15:43 Wheelbarrow
22:57 Hand Cart
24:19 Loom
24:20 Town Watch
28:18 Imperial Age
26:30 Bow Saw
26:55 Scale Barding Armor
27:01 Forging
26:53 Heavy Plow
26:43 Gold Mining
26:44 Stone Mining
28:28 Chain Barding Armor
28:29 Cavalier
29:10 Husbandry
29:20 Bloodlines
30:15 Plate Barding Armor
30:52 Iron Casting
30:20 Savar
33:24 Blast Furnace
33:26 Two-Man Saw
32:57 Crop Rotation
33:03 Gold Shaft Mining
33:04 Stone Shaft Mining
33:04 Conscription
37:09 Coinage
38:52 Light Cavalry
39:36 Elite War Elephant
42:49 Hussar
CSA_HW_Mercer
6:37 Loom
8:53 Feudal Age
11:28 Fletching
23:14 Castle Age
22:16 Stone Mining
22:30 Double-Bit Axe
25:41 Gold Mining
28:47 Horse Collar
31:34 Wheelbarrow
32:13 Bow Saw
35:44 Imperial Age
33:43 Padded Archer Armor
34:28 Bodkin Arrow
34:24 Elite Skirmisher
36:23 Leather Archer Armor
38:28 Two-Man Saw
43:22 Ring Archer Armor
44:54 Pikeman
47:06 Scale Mail Armor
48:35 Heavy Plow
50:11 Forging
50:17 Chain Mail Armor
49:26 Halberdier
mmmbokchoi
9:57 Feudal Age
14:42 Castle Age
13:40 Double-Bit Axe
13:35 Horse Collar
16:50 Bow Saw
20:10 Wheelbarrow
19:21 Loom
19:33 Horse Collar
22:10 Heavy Plow
23:29 Husbandry
24:33 Town Watch
26:09 Hand Cart
26:51 Gold Mining
27:09 Scale Barding Armor
27:15 Forging
27:32 Bloodlines
31:15 Imperial Age
29:07 Padded Archer Armor
28:58 Fletching
28:34 Elite Skirmisher
31:19 Chain Barding Armor
31:50 Iron Casting
31:21 Cavalier
33:45 Chemistry
33:47 Plate Barding Armor
33:54 Leather Archer Armor
33:35 Bodkin Arrow
34:42 Two-Man Saw
33:54 Paladin
35:43 Conscription
35:22 Light Cavalry
37:07 Coinage
36:09 Winged Hussar
38:52 Tower Shields
39:32 Banking
40:16 Bracer
41:50 Ring Archer Armor
41:42 Ballistics
43:18 Hoardings
44:35 Masonry
44:06 Treadmill Crane
47:33 Architecture
48:03 Murder Holes
EL_REY_TUT
6:26 Loom
8:36 Feudal Age
9:07 Town Watch
9:09 Double-Bit Axe
10:03 Fletching
18:33 Horse Collar
27:46 Castle Age
28:06 Gold Mining
34:03 Imperial Age
33:09 Bodkin Arrow
33:43 Bow Saw
34:45 Bracer
35:31 Wheelbarrow
36:38 Two-Man Saw
36:02 Conscription
37:49 Ballistics
37:33 Elite Genoese Crossbowman
38:32 Padded Archer Armor
39:46 Hand Cart
42:27 Scale Mail Armor
43:49 Thumb Ring
48:16 Leather Archer Armor
49:03 Chemistry
uribeparacohp
5:54 Loom
8:25 Feudal Age
8:51 Double-Bit Axe
9:21 Horse Collar
12:28 Fletching
22:52 Castle Age
24:01 Bodkin Arrow
31:29 Imperial Age
31:20 Bow Saw
31:21 Padded Archer Armor
33:21 Chemistry
33:38 Ballistics
38:23 Bracer
38:45 Thumb Ring
39:24 Leather Archer Armor
44:51 Elite Genoese Crossbowman
46:10 Conscription
iAlejandrouae
10:20 Feudal Age
14:14 Castle Age
12:11 Horse Collar
12:41 Double-Bit Axe
14:59 Bow Saw
16:06 Bloodlines
20:13 Scale Barding Armor
22:49 Wheelbarrow
24:13 Forging
25:10 Hand Cart
24:41 Loom
24:42 Town Watch
25:28 Gold Mining
26:10 Chain Barding Armor
26:41 Heavy Plow
27:31 Iron Casting
31:28 Imperial Age
29:53 Gold Shaft Mining
29:50 Husbandry
31:06 Stone Mining
31:06 Cavalier
32:21 Plate Barding Armor
34:01 Blast Furnace
33:08 Savar
35:31 Two-Man Saw
39:36 Coinage
39:36 Fletching
40:09 Conscription
44:45 Banking
45:11 Bodkin Arrow
47:19 Chemistry
46:25 Caravan
46:34 Capped Ram
47:27 Siege Ram
鼠條
10:26 Feudal Age
9:31 Loom
11:16 Feudal Age
15:34 Castle Age
13:30 Fletching
15:20 Stone Mining
19:09 Double-Bit Axe
21:00 Horse Collar
25:25 Wheelbarrow
25:09 Gold Mining
25:54 Scale Mail Armor
31:27 Imperial Age
29:58 Stone Shaft Mining
30:52 Gold Shaft Mining
31:40 Chain Mail Armor
31:36 Forging
32:15 Bodkin Arrow
32:51 Hand Cart
34:16 Plate Mail Armor
34:22 Iron Casting
35:39 Pikeman
36:20 Squires
38:06 Halberdier
40:17 Conscription
40:40 Elite Jomsviking
42:34 Blast Furnace
50:27 Caravan
YYQ
9:33 Feudal Age
11:00 Double-Bit Axe
13:37 Castle Age
11:50 Horse Collar
14:45 Bow Saw
14:52 Loom
21:39 Wheelbarrow
25:05 Heavy Plow
28:48 Ballistics
31:10 Imperial Age
29:25 Hand Cart
29:17 Gold Mining
29:33 Fletching
29:31 Town Watch
29:54 Stone Mining
30:50 Bodkin Arrow
31:33 Gold Shaft Mining
31:33 Bloodlines
31:31 Thumb Ring
32:13 Conscription
32:07 Bracer
34:05 Chemistry
33:25 Elite Mangudai
34:11 Padded Archer Armor
34:37 Parthian Tactics
35:18 Stone Shaft Mining
34:20 Capped Ram
36:11 Coinage
36:02 Scale Mail Armor
36:20 Leather Archer Armor
37:17 Chemistry
36:56 Siege Engineers
37:03 Siege Ram
39:33 Scale Barding Armor
39:43 Husbandry
40:56 Light Cavalry
43:15 Chain Barding Armor
47:44 Forging
Connection lost

Rejoining the realm…

Still unreachable

The connection could not be restored.

Session expired

The server has moved on; the page needs a fresh start.